 Dungeon Crawl Stone Soup version 0.30.1-9-gdf580d7c3d (webtiles) character file.

Game seed: 12071621330580930405

112 growler the Gusty (level 4, -5/24 HPs)
             Began as a Tengu Air Elementalist on Oct 10, 2023.
             Killed from afar by Robin (9 damage)
             ... with a puff of flame
             ... on level 3 of the Dungeon.
             The game lasted 00:05:39 (1849 turns).

growler the Gusty (Tengu Air Elementalist)          Turns: 1849, Time: 00:05:40

Health: -5/24      AC:  2    Str:  8    XL:     4   Next: 95%
Magic:  6/9        EV: 12    Int: 17    God:
Gold:   149        SH:  0    Dex: 15    Spells: 3/9 levels left

rFire   . . .        (no weapon)
rCold   . . .        (no shield)
rNeg    . . .        a - +0 robe
rPois   .            (helmet restricted)
rElec   .            (no cloak)
rCorr   .            (no gloves)
SInv    +            (boots unavailable)
Will    .....        (no amulet)
Stlth   ++           h - ring of see invisible
HPRegen 0.24/turn    (no ring)
MPRegen 0.11/turn

%: no passive effects
@: no status effects
A: beak, talons 3
a: no special abilities


You were on level 3 of the Dungeon.
You visited 1 branch of the dungeon, and saw 3 of its levels.

You collected 149 gold pieces.

Inventory:

Missiles
 k - a throwing net
Armour
 a - a +0 robe (worn)
Jewellery
 h - a ring of see invisible (left hand)
Scrolls
 c - 2 scrolls of noise
 e - a scroll of acquirement {unknown}
 f - a scroll of immolation {unknown}
 i - a scroll of enchant weapon {unknown}
 l - a scroll of fog {unknown}
Potions
 d - a potion of brilliance {unknown}
 g - a potion of mutation {unknown}
 j - a potion of heal wounds {unknown}


   Skills:
 - Level 2.1 Dodging
 - Level 2.0 Stealth
 + Level 3.0 Spellcasting
 + Level 3.6 Conjurations
 + Level 5.2 Air Magic


You had 3 spell levels left.
You knew the following spells:

 Your Spells              Type           Power      Damage    Failure   Level
a - Shock                 Conj/Air       68%        1d7       2%          1
b - Static Discharge      Conj/Air       34%        2-4/arc   4%          2
c - Swiftness             Air            20%        N/A       6%          3

Your spell library contained the following spells:

 Spells                   Type           Power      Damage    Failure   Level
 Airstrike                Air            10%        2d(2-18)  21%         4


Dungeon Overview and Level Annotations

Branches:
Dungeon (3/15)

Altars:
Wu Jian

Annotations:
D:3 Robin


Innate Abilities, Weirdness & Mutations

You have a beak for a mouth.
You have claws for feet.


Message History

The zap hits the goblin.
You kill the goblin!
The zap hits Robin but does no damage.
Robin is moderately wounded.
The goblin closely misses you. Why would you want to do that?
Casting: Shock (safe; 2% risk of failure)
Confirm with . or Enter, or press ? or * to list all spells.
The goblin is struck by an arc of lightning.
You kill the goblin!
The goblin is struck by an arc of lightning.
You kill the goblin!
The lightning grounds out.
The hobgoblin is struck by an arc of lightning.
You kill the hobgoblin!
You are struck by an arc of lightning.
* * * LOW HITPOINT WARNING * * *
The lightning grounds out.
Casting: Static Discharge (safe; 4% risk of failure)
Confirm with . or Enter, or press ? or * to list all spells.
Aiming: Shock (safe; 2% risk of failure)
Press: ? - help, Shift-Dir - straight line The zap hits the goblin.
You kill the goblin!
Magic courses through your body.
Casting: Shock (safe; 2% risk of failure)
Confirm with . or Enter, or press ? or * to list all spells.
Aiming: Shock (safe; 2% risk of failure)
Press: ? - help, Shift-Dir - straight line The zap hits Robin.
Robin is severely wounded.
The zap misses Robin.
Casting: Shock (safe; 2% risk of failure)
Confirm with . or Enter, or press ? or * to list all spells.
Robin is struck by an arc of lightning.
Robin is almost dead.
You are struck by an arc of lightning.
* * * LOW HITPOINT WARNING * * *
The lightning grounds out.
Robin zaps a wand.
The puff of flame hits you!
You die...

###.## #...#
#.###
###...###
###≈≈...≈≈###
##≈≈≈≈...≈≈≈≈#
#≈≈≈##'''##≈≈≈
#≈≈≈#.†...# ≈≈
#..@#.....# .
#.)g#.)...#
##)##.....#
#...#.)...#
#.).#)....#
#.).#.....#
##'##.....##'
#..).......).
#............


You could see Robin.

Vanquished Creatures
  5 adders
  A worm (D:3)
  A dart slug (D:1)
  2 endoplasms (D:1)
  3 giant cockroaches (D:2)
  14 goblins
  7 hobgoblins
  4 jackals (D:3)
  9 kobolds
  2 quokkas
  4 ball pythons
  2 bats
  A frilled lizard (D:2)
  A rat (D:2)
56 creatures vanquished.

Notes
Turn   | Place    | Note
-------+----------+-------------------------------------------
     0 | D:1      | growler the Tengu Air Elementalist began the quest for the
                  | Orb.
     0 | D:1      | Reached XP level 1. HP: 10/10 MP: 4/4
   155 | D:1      | Reached XP level 2. HP: 15/15 MP: 3/6
   159 | D:1      | Learned a level 2 spell: Static Discharge
   702 | D:2      | Reached XP level 3. HP: 12/19 MP: 0/7
   920 | D:2      | Learned a level 3 spell: Swiftness
  1091 | D:2      | Reached XP level 4. HP: 24/24 MP: 4/9
  1344 | D:2      | Found an ornate altar of the Wu Jian Council.
  1403 | D:3      | Reached skill level 5 in Air Magic
  1828 | D:3      | Noticed Robin
  1849 | D:3      | Killed from afar by Robin

Illustrated notes

Levels and vault maps discovered:
D:1:      dpeg_arrival_pits, layout_rooms
D:2:      layout_rooms, basic_altar
D:3:      kennysheep_goblin_castle, layout_basic, lemuel_coloured_pillars_altar,
          grunt_decor_resistance

Skill      XL: |  1  2  3  4 |
---------------+-------------+-----
Conjurations   | 2 3 |  3.6
Air Magic      | 5 |  5.2
Spellcasting   | 3 |  3.0
Dodging        | |  2.1
Stealth        | |  2.0

Action                     |  1- 3 |  4- 6 || total
---------------------------+-------+-------++-------
  Melee: Unarmed           |     6 |     2 ||     8
         Kick              |     3 |     1 ||     4
         Peck              |     1 |       ||     1
   Cast: Shock             |    56 |    40 ||    96
         Static Discharge  |     2 |     4 ||     6
    Use: Scroll            |       |     1 ||     1
         Potion            |       |     1 ||     1
 Armour: Robe              |     7 |     1 ||     8
  Dodge: Dodged            |    17 |     8 ||    25
